Canadiens vs Golden Knights
Created - December 20, 2023 at 19:01
Goals
|
| Canadiens |
1 |
2 |
2 |
5 |
| Golden Knights |
0 |
1 |
2 |
3 |
|
Shots
|
| Canadiens |
14 |
10 |
8 |
32 |
| Golden Knights |
16 |
11 |
10 |
37 |
|
1st period
1. Canadiens , Jordan Szwarz 14 (Rasmus Ristolainen 18) at 10:25
Penalties :
Steven Stamkos (Veg) for Holding (Minor) at 2:49
2nd period
2. Canadiens , Jean-Gabriel Pageau 6 (Artemi Panarin 16, Cam Fowler 6) at 2:46
3. Canadiens , Mika Zibanejad 9 (Greg Stewart 14, Rasmus Ristolainen 19) at 11:55 (PP)
4. Golden Knights , JT Compher 5 (Anton Lindholm 3, Gabriel Bourque 5) at 17:11
Penalties :
Greg Stewart (Mon) for Holding (Minor) at 0:36, Zach Bogosian (Veg) for Hooking (Minor) at 11:38
3rd period
5. Golden Knights , Cal Clutterbuck 10 (Zach Bogosian 17, Jamie Benn 12) at 5:09
6. Canadiens , Artemi Panarin 12 (Rasmus Ristolainen 20, Jean-Gabriel Pageau 9) at 11:47
7. Golden Knights , Steven Stamkos 19 (Brendan Gallagher 17, Roope Hintz 2) at 14:27
8. Canadiens , Brandon Bollig 3 (Alexandre Grenier 1) at 15:20
Penalties :
Rasmus Ristolainen (Mon) for Holding (Minor) at 9:07
Goalie Stats
Robin Lehner (Mon), 34 saves from 37 shots - (0.919), W, 13-6-2, 60:00 minutes
Laurent Brossoit (Veg), 27 saves from 32 shots - (0.844), L, 2-3-0, 60:00 minutes
Players Stats for Canadiens
Player Name G A P +/- PIM S H SB GA TA FO MP PP MP PK MP
------------------------------------------------------------------------------------
Alexandre Grenier 0 1 1 0 0 0 0 0 0 0 0/0 9:30 0:31 0:00
Artemi Panarin 1 1 2 3 0 4 0 0 1 0 0/1 16:16 0:28 0:16
Brandon Bollig 1 0 1 0 0 1 0 0 0 0 0/0 11:23 0:27 2:02
Brent Burns 0 0 0 2 0 0 0 0 0 0 0/0 13:59 0:38 1:49
Brian Dumoulin 0 0 0 -1 0 0 1 0 0 0 0/0 21:43 0:46 0:36
Cam Fowler 0 1 1 0 0 0 2 1 0 3 0/0 25:49 0:52 2:36
Corban Knight 0 0 0 0 0 1 0 1 0 1 1/3 10:39 0:27 1:28
David Pastrnak 0 0 0 -2 0 3 0 0 1 0 0/2 20:41 1:21 0:00
Greg Stewart 0 1 1 -2 2 4 1 2 0 0 0/2 20:43 1:21 0:00
Jamie Arniel 0 0 0 0 0 3 1 0 0 0 5/11 12:10 0:00 1:55
Jean-Gabriel Pageau 1 1 2 3 0 5 1 0 0 1 6/10 15:34 0:28 0:00
Jiri Sekac 0 0 0 0 0 1 0 0 0 0 0/1 11:41 0:00 1:20
Jordan Szwarz 1 0 1 3 0 5 1 0 1 0 1/1 15:30 0:24 0:00
Justin Schultz 0 0 0 0 0 0 1 2 0 2 0/0 20:44 0:52 0:00
Mika Zibanejad 1 0 1 -2 0 1 0 2 2 0 13/25 20:41 1:21 0:00
Rasmus Ristolainen 0 3 3 0 2 3 1 0 1 0 0/0 24:41 1:24 0:46
Rickard Rakell 0 0 0 0 0 1 0 0 0 0 0/0 11:10 0:00 0:55
Sean Zimmerman 0 0 0 1 0 0 2 0 0 0 0/0 13:06 0:00 2:09
Players Stats for Golden Knights
Player Name G A P +/- PIM S H SB GA TA FO MP PP MP PK MP
------------------------------------------------------------------------------------
Andrei Loktionov 0 0 0 1 0 5 1 0 1 0 8/16 17:52 1:57 0:57
Andrew Cogliano 0 0 0 -1 0 0 1 1 0 0 0/1 13:23 2:01 1:14
Anton Lindholm 0 1 1 0 0 1 0 0 0 0 0/0 12:49 0:00 0:00
Brendan Gallagher 0 1 1 1 0 8 0 0 1 1 3/3 22:26 2:01 0:00
Cal Clutterbuck 1 0 1 1 0 5 0 0 1 0 0/0 17:05 1:57 0:00
Cedric Paquette 0 0 0 -1 0 0 4 0 0 0 2/7 10:51 0:00 0:49
Christopher Tanev 0 0 0 0 0 1 1 0 0 0 0/0 12:49 0:00 0:00
Gabriel Bourque 0 1 1 -2 0 1 2 0 0 0 0/0 8:32 0:00 0:33
Jamie Benn 0 1 1 1 0 3 2 1 0 0 0/0 17:51 1:57 0:29
Jamie Oleksiak 0 0 0 -2 0 0 1 0 0 0 0/0 19:33 2:10 1:06
Jonathan Marchessault 0 0 0 -2 0 1 1 0 0 0 1/2 8:12 0:00 0:13
JT Compher 1 0 1 -1 0 2 1 0 0 0 0/1 10:03 0:00 0:00
Luke Glendening 0 0 0 -2 0 1 0 0 0 0 0/0 7:59 0:00 0:00
Mathew Dumba 0 0 0 1 0 0 0 5 0 0 0/0 27:55 1:48 1:27
Olli Maatta 0 0 0 -2 0 0 0 2 0 1 0/0 19:16 2:10 0:49
Roope Hintz 0 1 1 1 0 2 1 0 1 2 0/0 20:26 0:00 0:00
Steven Stamkos 1 0 1 1 2 5 2 1 0 1 16/26 23:03 2:01 0:17
Zach Bogosian 0 1 1 1 2 2 0 4 3 1 0/0 27:37 1:48 1:10
3 Stars
1 - Jean-Gabriel Pageau (Mon)
2 - Artemi Panarin (Mon)
3 - Jordan Szwarz (Mon)
Power Play
Canadiens - 1 on 2 Attempt(s) - 50.00%
Golden Knights - 0 on 2 Attempt(s) - 0.00%
Penalty Kill
Canadiens - 2 on 2 Attempt(s) - 100.00%
- Score 0 goal in Penalty Kill
Golden Knights - 1 on 2 Attempt(s) - 50.00%
- Score 0 goal in Penalty Kill
Team Stat
Canadiens - Hits : 11 - Faceoff Wins : 26 - Blocked Shots : 8 - Penalty Minutes : 4
Golden Knights - Hits : 17 - Faceoff Wins : 30 - Blocked Shots : 14 - Penalty Minutes : 4
Official
Referees : Tom Chmielewski and Garrett Rank
Linesman : Ryan Galloway and Tyson Baker
Game Notes
No Game Note
Finance
Level 1 -- Attendance: 6000 (100.00%) -- Ticket Income $600,000
Level 2 -- Attendance: 5000 (100.00%) -- Ticket Income $300,000
Level 3 -- Attendance: 2000 (100.00%) -- Ticket Income $70,000
Level 4 -- Attendance: 4000 (100.00%) -- Ticket Income $100,000
Luxury Box -- Attendance: 945 (94.50%) -- Ticket Income $189,000
Game was played at the T-Mobile Arena.
Total Attendance: 17945 (99.69%)
Total Ticket Income: $1,259,000
Other Income: $188,850
Total Income: $1,447,850
Canadiens
5 vs 5 Forward
Center Left Wing Right Wing Time % Phy DF OF
1 Mika Zibanejad Greg Stewart David Pastrnak 40 0 1 4
2 Jean-Gabriel Pageau Artemi Panarin Jordan Szwarz 35 0 1 4
3 Jamie Arniel Jiri Sekac Rickard Rakell 20 0 2 3
4 Corban Knight Brandon Bollig Alexandre Grenier 5 0 2 3
5 vs 5 Defense
Defense Defense Time % Phy DF OF
1 Rasmus Ristolainen Cam Fowler 40 0 3 2
2 Justin Schultz Brian Dumoulin 35 0 3 2
3 Sean Zimmerman Brent Burns 15 0 3 2
4 Cam Fowler Rasmus Ristolainen 10 0 3 2
PowerPlay Forward
Center Left Wing Right Wing Time % Phy DF OF
1 Mika Zibanejad Greg Stewart David Pastrnak 60 0 0 5
2 Jean-Gabriel Pageau Artemi Panarin Jordan Szwarz 40 0 0 5
PowerPlay Defense
Defense Defense Time % Phy DF OF
1 Brian Dumoulin Rasmus Ristolainen 60 0 0 5
2 Justin Schultz Cam Fowler 40 0 0 5
Penalty Kill 4 Players Forward
Center Wing Time % Phy DF OF
1 Jamie Arniel Brandon Bollig 60 0 4 1
2 Corban Knight Jiri Sekac 40 0 4 1
Penalty Kill 4 Players Defense
Defense Defense Time % Phy DF OF
1 Sean Zimmerman Rasmus Ristolainen 60 0 5 0
2 Brent Burns Cam Fowler 40 0 5 0
Penalty Kill - 3 Players Forward
Forward Time % Phy DF OF
1 Jean-Gabriel Pageau 60 0 5 0
2 Mika Zibanejad 40 0 5 0
Penalty Kill - 3 Players Defense
Defense Defense Time % Phy DF OF
1 Cam Fowler Brent Burns 60 0 5 0
2 Rasmus Ristolainen Brian Dumoulin 40 0 5 0
4 vs 4 Forward
Center Wing Time % Phy DF OF
1 Jean-Gabriel Pageau Rickard Rakell 60 0 2 3
2 Mika Zibanejad David Pastrnak 40 0 2 3
4 vs 4 Defense
Defense Defense Time % Phy DF OF
1 Brent Burns Sean Zimmerman 60 0 2 3
2 Justin Schultz Brian Dumoulin 40 0 2 3
Last Minutes Offensive
Center Left Wing Right Wing Defense Defense
Mika Zibanejad Artemi Panarin David Pastrnak Rasmus Ristolainen Cam Fowler
Last Minutes Defensive
Center Left Wing Right Wing Defense Defense
Jean-Gabriel Pageau Jiri Sekac Jordan Szwarz Brent Burns Sean Zimmerman
Goaltenders
Starting : Robin Lehner
Backup : Igor Shesterkin
Extra Forwards
Normal : David Pastrnak, Mika Zibanejad, Artemi Panarin - PP : David Pastrnak, Mika Zibanejad - PK : Rickard Rakell
Extra Defensemen
Normal : Rasmus Ristolainen, Cam Fowler, Brian Dumoulin - PP : Rasmus Ristolainen - PK : Cam Fowler, Sean Zimmerman
Penalty Shots
David Pastrnak, Jean-Gabriel Pageau, Mika Zibanejad, Artemi Panarin, Rickard Rakell
Custom OT Lines Forwards
Mika Zibanejad, David Pastrnak, Artemi Panarin, Jean-Gabriel Pageau, Greg Stewart, Jordan Szwarz, Rickard Rakell, Jiri Sekac, Corban Knight, Jamie Arniel
Custom OT Lines Defensemen
Rasmus Ristolainen, Cam Fowler, Brent Burns, Justin Schultz, Brian Dumoulin
Scratches
None
Golden Knights
5 vs 5 Forward
Center Left Wing Right Wing Time % Phy DF OF
1 Steven Stamkos Roope Hintz Brendan Gallagher 40 1 2 2
2 Andrei Loktionov Jamie Benn Cal Clutterbuck 30 1 2 2
3 Cedric Paquette Andrew Cogliano JT Compher 20 1 2 2
4 Jonathan Marchessault Gabriel Bourque Luke Glendening 10 1 2 2
5 vs 5 Defense
Defense Defense Time % Phy DF OF
1 Zach Bogosian Mathew Dumba 40 1 2 2
2 Olli Maatta Jamie Oleksiak 30 1 2 2
3 Christopher Tanev Anton Lindholm 20 1 2 2
4 Zach Bogosian Mathew Dumba 10 1 2 2
PowerPlay Forward
Center Left Wing Right Wing Time % Phy DF OF
1 Steven Stamkos Andrew Cogliano Brendan Gallagher 60 1 2 2
2 Andrei Loktionov Jamie Benn Cal Clutterbuck 40 1 2 2
PowerPlay Defense
Defense Defense Time % Phy DF OF
1 Zach Bogosian Mathew Dumba 60 1 2 2
2 Olli Maatta Jamie Oleksiak 40 1 2 2
Penalty Kill 4 Players Forward
Center Wing Time % Phy DF OF
1 Steven Stamkos Andrew Cogliano 60 1 2 2
2 Andrei Loktionov Jamie Benn 40 1 2 2
Penalty Kill 4 Players Defense
Defense Defense Time % Phy DF OF
1 Zach Bogosian Mathew Dumba 60 1 2 2
2 Olli Maatta Jamie Oleksiak 40 1 2 2
Penalty Kill - 3 Players Forward
Forward Time % Phy DF OF
1 Steven Stamkos 60 1 2 2
2 Andrei Loktionov 40 1 2 2
Penalty Kill - 3 Players Defense
Defense Defense Time % Phy DF OF
1 Zach Bogosian Mathew Dumba 60 1 2 2
2 Olli Maatta Jamie Oleksiak 40 1 2 2
4 vs 4 Forward
Center Wing Time % Phy DF OF
1 Steven Stamkos Andrew Cogliano 60 1 2 2
2 Andrei Loktionov Jamie Benn 40 1 2 2
4 vs 4 Defense
Defense Defense Time % Phy DF OF
1 Zach Bogosian Mathew Dumba 60 1 2 2
2 Olli Maatta Jamie Oleksiak 40 1 2 2
Last Minutes Offensive
Center Left Wing Right Wing Defense Defense
Steven Stamkos Andrew Cogliano Brendan Gallagher Zach Bogosian Mathew Dumba
Last Minutes Defensive
Center Left Wing Right Wing Defense Defense
Steven Stamkos Andrew Cogliano Brendan Gallagher Zach Bogosian Mathew Dumba
Goaltenders
Starting : Laurent Brossoit
Backup : Ondrej Pavelec
Extra Forwards
Normal : Andrew Cogliano, Jamie Benn, JT Compher - PP : Andrew Cogliano, Jamie Benn - PK : Andrew Cogliano
Extra Defensemen
Normal : Jamie Oleksiak, Christopher Tanev, Anton Lindholm - PP : Jamie Oleksiak - PK : Jamie Oleksiak, Christopher Tanev
Penalty Shots
Steven Stamkos, Brendan Gallagher, Andrei Loktionov, Cal Clutterbuck, Andrew Cogliano
Custom OT Lines Forwards
Steven Stamkos, Brendan Gallagher, Andrei Loktionov, Cal Clutterbuck, Andrew Cogliano, Jamie Benn, JT Compher, Luke Glendening, Gabriel Bourque, Roope Hintz
Custom OT Lines Defensemen
Zach Bogosian, Mathew Dumba, Olli Maatta, Jamie Oleksiak, Christopher Tanev
Scratches
Frederick Gaudreau (Left Wrist Injury), Tomas Nosek (Healthy)
% Time on Ice - Canadiens
Lines # - Real PCT - Wanted PCT - Time Play
Normal Forward
1 - 37% - 40% - 19:55
2 - 28% - 35% - 15:12
3 - 19% - 20% - 10:15
4 - 16% - 5% - 8:24
Normal Defense
1 - 38% - 40% - 20:38
2 - 37% - 35% - 19:56
3 - 20% - 15% - 10:57
4 - 4% - 10% - 2:15
PP Forward
1 - 73% - 60% - 1:39
2 - 27% - 40% - 0:37
PP Defense
1 - 62% - 60% - 1:24
2 - 38% - 40% - 0:52
PK Forward
1 - 66% - 60% - 2:38
2 - 34% - 40% - 1:20
PK Defense
1 - 69% - 60% - 2:45
2 - 31% - 40% - 1:13
PK3 Forward
1 - 0% - 60%
2 - 0% - 40%
PK3 Defense
1 - 0% - 60%
2 - 0% - 40%
44 Forward
1 - 0% - 60%
2 - 0% - 40%
44 Defense
1 - 0% - 60%
2 - 0% - 40%
Last Minute Offensive - 0:00
Last Minute Defensive - 0:00
Total
Forward - 60:00
Defense - 60:00
|
% Time on Ice - Golden Knights
Lines # - Real PCT - Wanted PCT - Time Play
Normal Forward
1 - 39% - 40% - 20:52
2 - 28% - 30% - 15:09
3 - 18% - 20% - 9:46
4 - 15% - 10% - 7:59
Normal Defense
1 - 39% - 40% - 21:07
2 - 30% - 30% - 16:17
3 - 24% - 20% - 12:49
4 - 7% - 10% - 3:33
PP Forward
1 - 51% - 60% - 2:01
2 - 49% - 40% - 1:57
PP Defense
1 - 45% - 60% - 1:48
2 - 55% - 40% - 2:10
PK Forward
1 - 79% - 60% - 1:47
2 - 21% - 40% - 0:29
PK Defense
1 - 64% - 60% - 1:27
2 - 36% - 40% - 0:49
PK3 Forward
1 - 0% - 60%
2 - 0% - 40%
PK3 Defense
1 - 0% - 60%
2 - 0% - 40%
44 Forward
1 - 0% - 60%
2 - 0% - 40%
44 Defense
1 - 0% - 60%
2 - 0% - 40%
Last Minute Offensive - 0:00
Last Minute Defensive - 0:00
Total
Forward - 60:00
Defense - 60:00
|
Play-by-Play
1st period
0:01 of 1st period - Brendan Gallagher wins face-off versus Mika Zibanejad in neutral zone.
0:33 of 1st period - Rasmus Ristolainen is hit by Andrei Loktionov and loses puck.
0:47 of 1st period - Icing by Zach Bogosian.
0:48 of 1st period - Andrei Loktionov wins face-off versus Artemi Panarin in Golden Knights zone.
0:53 of 1st period - Justin Schultz is hit by Cedric Paquette.
1:24 of 1st period - Snap shot by Steven Stamkos.
1:24 of 1st period - Deflect By Justin Schultz.
1:24 of 1st period - Stopped by Robin Lehner with a rebound.
1:26 of 1st period - Slapshot by Olli Maatta.
1:26 of 1st period - Shot Blocked by Justin Schultz.
2:00 of 1st period - Wrist shot by Artemi Panarin.
2:00 of 1st period - Stopped by Laurent Brossoit with a rebound.
2:06 of 1st period - Snap shot by Andrei Loktionov.
2:06 of 1st period - Stopped by Robin Lehner with a rebound.
2:28 of 1st period - Slapshot by Andrei Loktionov.
2:28 of 1st period - Stopped by Robin Lehner without a rebound.
2:29 of 1st period - Steven Stamkos wins face-off versus Mika Zibanejad in Canadiens zone.
2:49 of 1st period - Minor Penalty to Steven Stamkos for Holding.
2:50 of 1st period - Andrei Loktionov wins face-off versus Mika Zibanejad in Golden Knights zone.
2:58 of 1st period - Andrei Loktionov is hit by Rasmus Ristolainen and loses puck.
3:03 of 1st period - Wrist shot by Greg Stewart.
3:03 of 1st period - Stopped by Laurent Brossoit with a rebound.
3:05 of 1st period - Backhand shot by Cam Fowler.
3:05 of 1st period - Shot Blocked by Andrew Cogliano.
4:49 of 1st period - Penalty to Steven Stamkos is over, Steven Stamkos is back on ice.
5:04 of 1st period - Wrist shot by Rickard Rakell.
5:04 of 1st period - Stopped by Laurent Brossoit without a rebound.
5:05 of 1st period - Steven Stamkos wins face-off versus Jamie Arniel in Golden Knights zone.
5:10 of 1st period - Anton Lindholm is hit by Sean Zimmerman and loses puck.
5:33 of 1st period - Alexandre Grenier is hit by Gabriel Bourque and loses puck.
5:38 of 1st period - Wrist shot by Gabriel Bourque.
5:38 of 1st period - Shot Misses the Net.
5:40 of 1st period - Slapshot by Jonathan Marchessault.
5:40 of 1st period - Shot Misses the Net.
5:42 of 1st period - Snap shot by Gabriel Bourque.
5:42 of 1st period - Shot Misses the Net.
6:00 of 1st period - Slapshot by Mika Zibanejad.
6:00 of 1st period - Deflect By Greg Stewart.
6:00 of 1st period - Shot Blocked by Jamie Benn.
6:00 of 1st period - Puck is out of play.
6:01 of 1st period - Mika Zibanejad wins face-off versus Steven Stamkos in Golden Knights zone.
6:14 of 1st period - Backhand shot by Rasmus Ristolainen.
6:14 of 1st period - Shot Misses the Net.
6:28 of 1st period - Mathew Dumba is hit by Jamie Arniel and loses puck.
6:35 of 1st period - Slapshot by Jamie Arniel.
6:35 of 1st period - Stopped by Laurent Brossoit without a rebound.
6:36 of 1st period - Cedric Paquette wins face-off versus Jean-Gabriel Pageau in Golden Knights zone.
6:41 of 1st period - Artemi Panarin is hit by Cedric Paquette and loses puck.
7:12 of 1st period - Snap shot by Steven Stamkos.
7:12 of 1st period - Deflect By Brendan Gallagher.
7:12 of 1st period - Stopped by Robin Lehner with a rebound.
7:49 of 1st period - Snap shot by Brendan Gallagher.
7:49 of 1st period - Stopped by Robin Lehner with a rebound.
8:27 of 1st period - Roope Hintz is hit by Justin Schultz and loses puck.
9:00 of 1st period - Snap shot by Steven Stamkos.
9:00 of 1st period - Shot Blocked by Greg Stewart.
9:04 of 1st period - Snap shot by Steven Stamkos.
9:04 of 1st period - Shot Misses the Net.
9:06 of 1st period - Snap shot by Roope Hintz.
9:06 of 1st period - Stopped by Robin Lehner with a rebound.
9:15 of 1st period - Slapshot by Jamie Oleksiak.
9:15 of 1st period - Shot Blocked by Justin Schultz.
9:17 of 1st period - Wrist shot by Steven Stamkos.
9:17 of 1st period - Stopped by Robin Lehner without a rebound.
9:18 of 1st period - Jean-Gabriel Pageau wins face-off versus Andrei Loktionov in Canadiens zone.
9:38 of 1st period - Icing by Artemi Panarin.
9:39 of 1st period - Jean-Gabriel Pageau wins face-off versus JT Compher in Canadiens zone.
9:51 of 1st period - Snap shot by Jean-Gabriel Pageau.
9:51 of 1st period - Shot Blocked by Mathew Dumba.
9:53 of 1st period - Wrist shot by Artemi Panarin.
9:53 of 1st period - Shot Blocked by Zach Bogosian.
9:55 of 1st period - Wrist shot by Jean-Gabriel Pageau.
9:55 of 1st period - Shot Misses the Net.
9:57 of 1st period - Wrist shot by Jordan Szwarz.
9:57 of 1st period - Shot Misses the Net.
9:59 of 1st period - Slapshot by Rasmus Ristolainen.
9:59 of 1st period - Deflect By Zach Bogosian.
9:59 of 1st period - Stopped by Laurent Brossoit with a rebound.
10:01 of 1st period - Backhand shot by Jordan Szwarz.
10:01 of 1st period - Shot Blocked by Mathew Dumba.
10:03 of 1st period - Slapshot by Jean-Gabriel Pageau.
10:03 of 1st period - Stopped by Laurent Brossoit with a rebound.
10:05 of 1st period - Backhand shot by Artemi Panarin.
10:05 of 1st period - Shot Blocked by Zach Bogosian.
10:07 of 1st period - Slapshot by Jean-Gabriel Pageau.
10:07 of 1st period - Stopped by Laurent Brossoit with a rebound.
10:21 of 1st period - Snap shot by Jordan Szwarz.
10:21 of 1st period - Shot Blocked by Mathew Dumba.
10:23 of 1st period - Slapshot by Rasmus Ristolainen.
10:23 of 1st period - Stopped by Laurent Brossoit with a rebound.
10:25 of 1st period - Snap shot by Jordan Szwarz.
10:25 of 1st period - Goal by Jordan Szwarz - Canadiens : 1 - Golden Knights : 0.
10:26 of 1st period - Andrei Loktionov wins face-off versus Jamie Arniel in neutral zone.
10:29 of 1st period - Snap shot by Jamie Benn.
10:29 of 1st period - Stopped by Robin Lehner with a rebound.
11:07 of 1st period - Icing by Cam Fowler.
11:08 of 1st period - Andrei Loktionov wins face-off versus Corban Knight in Canadiens zone.
11:55 of 1st period - Snap shot by Jamie Benn.
11:55 of 1st period - Stopped by Robin Lehner without a rebound.
11:56 of 1st period - Steven Stamkos wins face-off versus Jamie Arniel in Canadiens zone.
12:01 of 1st period - Slapshot by Brendan Gallagher.
12:01 of 1st period - Stopped by Robin Lehner with a rebound.
12:09 of 1st period - Wrist shot by Brendan Gallagher.
12:09 of 1st period - Shot Misses the Net.
12:11 of 1st period - Slapshot by Anton Lindholm.
12:11 of 1st period - Deflect By Brendan Gallagher.
12:11 of 1st period - Stopped by Robin Lehner with a rebound.
12:13 of 1st period - Slapshot by Christopher Tanev.
12:13 of 1st period - Stopped by Robin Lehner without a rebound.
12:14 of 1st period - Mika Zibanejad wins face-off versus Cedric Paquette in Canadiens zone.
12:43 of 1st period - Slapshot by Rasmus Ristolainen.
12:43 of 1st period - Stopped by Laurent Brossoit with a rebound.
12:45 of 1st period - Snap shot by Jordan Szwarz.
12:45 of 1st period - Stopped by Laurent Brossoit without a rebound.
12:46 of 1st period - Andrei Loktionov wins face-off versus Jamie Arniel in Golden Knights zone.
13:19 of 1st period - Snap shot by Jean-Gabriel Pageau.
13:19 of 1st period - Shot Misses the Net.
13:21 of 1st period - Slapshot by Artemi Panarin.
13:21 of 1st period - Stopped by Laurent Brossoit without a rebound.
13:22 of 1st period - Mika Zibanejad wins face-off versus Cedric Paquette in Golden Knights zone.
13:23 of 1st period - Snap shot by David Pastrnak.
13:23 of 1st period - Shot Misses the Net.
14:11 of 1st period - Off-side.
14:12 of 1st period - Jamie Arniel wins face-off versus Andrei Loktionov in neutral zone.
14:37 of 1st period - Sean Zimmerman is hit by Steven Stamkos and loses puck.
15:30 of 1st period - Snap shot by Andrei Loktionov.
15:30 of 1st period - Stopped by Robin Lehner without a rebound.
15:31 of 1st period - Andrei Loktionov wins face-off versus Greg Stewart in Canadiens zone.
15:44 of 1st period - Snap shot by Cal Clutterbuck.
15:44 of 1st period - Stopped by Robin Lehner with a rebound.
15:50 of 1st period - Backhand shot by Jamie Benn.
15:50 of 1st period - Stopped by Robin Lehner without a rebound.
15:51 of 1st period - Steven Stamkos wins face-off versus Jiri Sekac in Canadiens zone.
16:43 of 1st period - Wrist shot by Rickard Rakell.
16:43 of 1st period - Shot Misses the Net.
16:58 of 1st period - Snap shot by Gabriel Bourque.
16:58 of 1st period - Deflect By Jonathan Marchessault.
16:58 of 1st period - Stopped by Robin Lehner without a rebound.
16:59 of 1st period - Mika Zibanejad wins face-off versus Steven Stamkos in Canadiens zone.
17:12 of 1st period - Wrist shot by Greg Stewart.
17:12 of 1st period - Stopped by Laurent Brossoit with a rebound.
17:14 of 1st period - Snap shot by David Pastrnak.
17:14 of 1st period - Stopped by Laurent Brossoit with a rebound.
17:52 of 1st period - Alexandre Grenier is hit by Jamie Benn and loses puck.
18:11 of 1st period - Slapshot by Greg Stewart.
18:11 of 1st period - Shot Misses the Net.
19:22 of 1st period - Artemi Panarin is hit by Jonathan Marchessault and loses puck.
Goals for this period are 1 for Canadiens vs 0 for Golden Knights.
Shots for this period are 14 for Canadiens vs 16 for Golden Knights.
2nd period
0:01 of 2nd period - Steven Stamkos wins face-off versus Mika Zibanejad in neutral zone.
0:12 of 2nd period - Off-side.
0:13 of 2nd period - Steven Stamkos wins face-off versus Mika Zibanejad in neutral zone.
0:22 of 2nd period - Snap shot by Brendan Gallagher.
0:22 of 2nd period - Stopped by Robin Lehner with a rebound.
0:24 of 2nd period - Slapshot by Zach Bogosian.
0:24 of 2nd period - Shot Misses the Net.
0:26 of 2nd period - Snap shot by Steven Stamkos.
0:26 of 2nd period - Stopped by Robin Lehner with a rebound.
0:36 of 2nd period - Minor Penalty to Greg Stewart for Holding.
0:37 of 2nd period - Jamie Arniel wins face-off versus Steven Stamkos in Canadiens zone.
0:52 of 2nd period - Snap shot by Jamie Arniel.
0:52 of 2nd period - Stopped by Laurent Brossoit with a rebound.
1:04 of 2nd period - Zach Bogosian is hit by Sean Zimmerman and loses puck.
2:11 of 2nd period - Snap shot by Corban Knight.
2:11 of 2nd period - Shot Misses the Net.
2:36 of 2nd period - Penalty to Greg Stewart is over, Greg Stewart is back on ice.
2:46 of 2nd period - Wrist shot by Artemi Panarin.
2:46 of 2nd period - Deflect By Jean-Gabriel Pageau.
2:46 of 2nd period - Goal by Jean-Gabriel Pageau - Canadiens : 2 - Golden Knights : 0.
2:47 of 2nd period - Jonathan Marchessault wins face-off versus Greg Stewart in neutral zone.
3:19 of 2nd period - Wrist shot by Steven Stamkos.
3:19 of 2nd period - Deflect By Roope Hintz.
3:19 of 2nd period - Stopped by Robin Lehner without a rebound.
3:20 of 2nd period - Jean-Gabriel Pageau wins face-off versus Andrei Loktionov in Canadiens zone.
3:27 of 2nd period - Slapshot by Jean-Gabriel Pageau.
3:27 of 2nd period - Stopped by Laurent Brossoit without a rebound.
3:28 of 2nd period - Mika Zibanejad wins face-off versus Andrei Loktionov in Golden Knights zone.
3:41 of 2nd period - Slapshot by Andrei Loktionov.
3:41 of 2nd period - Stopped by Robin Lehner without a rebound.
3:42 of 2nd period - Steven Stamkos wins face-off versus Mika Zibanejad in Canadiens zone.
3:43 of 2nd period - Slapshot by Zach Bogosian.
3:43 of 2nd period - Stopped by Robin Lehner with a rebound.
3:45 of 2nd period - Snap shot by Steven Stamkos.
3:45 of 2nd period - Shot Misses the Net.
3:47 of 2nd period - Slapshot by Roope Hintz.
3:47 of 2nd period - Shot Misses the Net.
3:49 of 2nd period - Snap shot by Brendan Gallagher.
3:49 of 2nd period - Stopped by Robin Lehner without a rebound.
3:50 of 2nd period - Mika Zibanejad wins face-off versus Steven Stamkos in Canadiens zone.
4:01 of 2nd period - Wrist shot by Brendan Gallagher.
4:01 of 2nd period - Stopped by Robin Lehner without a rebound.
4:02 of 2nd period - Jean-Gabriel Pageau wins face-off versus Steven Stamkos in Canadiens zone.
4:07 of 2nd period - Wrist shot by Artemi Panarin.
4:07 of 2nd period - Shot Blocked by Steven Stamkos.
4:09 of 2nd period - Backhand shot by Artemi Panarin.
4:09 of 2nd period - Shot Misses the Net.
4:11 of 2nd period - Slapshot by Rasmus Ristolainen.
4:11 of 2nd period - Deflect By Jean-Gabriel Pageau.
4:11 of 2nd period - Shot Blocked by Zach Bogosian.
4:11 of 2nd period - Puck is out of play.
4:12 of 2nd period - Steven Stamkos wins face-off versus Jean-Gabriel Pageau in Golden Knights zone.
4:27 of 2nd period - Mathew Dumba is hit by Cam Fowler and loses puck.
4:55 of 2nd period - Off-side.
4:56 of 2nd period - Mika Zibanejad wins face-off versus Andrei Loktionov in neutral zone.
5:35 of 2nd period - Slapshot by Jiri Sekac.
5:35 of 2nd period - Stopped by Laurent Brossoit with a rebound.
6:13 of 2nd period - Wrist shot by Artemi Panarin.
6:13 of 2nd period - Shot Hit the Post.
6:15 of 2nd period - Snap shot by Jordan Szwarz.
6:15 of 2nd period - Stopped by Laurent Brossoit without a rebound.
6:16 of 2nd period - Brendan Gallagher wins face-off versus Jean-Gabriel Pageau in Golden Knights zone.
7:13 of 2nd period - Wrist shot by Jean-Gabriel Pageau.
7:13 of 2nd period - Shot Misses the Net.
7:15 of 2nd period - Snap shot by Jean-Gabriel Pageau.
7:15 of 2nd period - Stopped by Laurent Brossoit with a rebound.
7:17 of 2nd period - Wrist shot by Jean-Gabriel Pageau.
7:17 of 2nd period - Shot Blocked by Zach Bogosian.
7:19 of 2nd period - Snap shot by Jordan Szwarz.
7:19 of 2nd period - Shot Blocked by Mathew Dumba.
7:21 of 2nd period - Wrist shot by Brian Dumoulin.
7:21 of 2nd period - Deflect By Jordan Szwarz.
7:21 of 2nd period - Shot Blocked by Mathew Dumba.
7:21 of 2nd period - Puck is out of play.
7:22 of 2nd period - Mika Zibanejad wins face-off versus Andrei Loktionov in Golden Knights zone.
7:49 of 2nd period - Rasmus Ristolainen is hit by Cedric Paquette and loses puck.
8:02 of 2nd period - Snap shot by Andrew Cogliano.
8:02 of 2nd period - Shot Blocked by Cam Fowler.
8:34 of 2nd period - Corban Knight is hit by Jamie Benn and loses puck.
11:35 of 2nd period - Snap shot by Corban Knight.
11:35 of 2nd period - Stopped by Laurent Brossoit without a rebound.
11:36 of 2nd period - Steven Stamkos wins face-off versus Mika Zibanejad in Golden Knights zone.
11:38 of 2nd period - Minor Penalty to Zach Bogosian for Hooking.
11:39 of 2nd period - Steven Stamkos wins face-off versus Mika Zibanejad in Golden Knights zone.
11:53 of 2nd period - Wrist shot by Greg Stewart.
11:53 of 2nd period - Shot Misses the Net.
11:55 of 2nd period - Snap shot by Mika Zibanejad.
11:55 of 2nd period - Goal by Mika Zibanejad - Canadiens : 3 - Golden Knights : 0.
11:56 of 2nd period - Steven Stamkos wins face-off versus David Pastrnak in neutral zone.
11:59 of 2nd period - Backhand shot by Zach Bogosian.
11:59 of 2nd period - Stopped by Robin Lehner without a rebound.
12:00 of 2nd period - Mika Zibanejad wins face-off versus Steven Stamkos in Canadiens zone.
12:51 of 2nd period - Wrist shot by Gabriel Bourque.
12:51 of 2nd period - Stopped by Robin Lehner without a rebound.
12:52 of 2nd period - Jamie Arniel wins face-off versus Jonathan Marchessault in Canadiens zone.
12:52 of 2nd period - Jamie Arniel is hit by Gabriel Bourque.
13:18 of 2nd period - Roope Hintz is hit by Greg Stewart and loses puck.
13:38 of 2nd period - Off-side.
13:39 of 2nd period - Jean-Gabriel Pageau wins face-off versus Andrei Loktionov in neutral zone.
13:50 of 2nd period - Jamie Benn is hit by Jordan Szwarz and loses puck.
14:54 of 2nd period - Corban Knight is hit by Christopher Tanev and loses puck.
15:07 of 2nd period - Olli Maatta is hit by Jean-Gabriel Pageau and loses puck.
15:29 of 2nd period - Snap shot by Steven Stamkos.
15:29 of 2nd period - Shot Misses the Net.
15:31 of 2nd period - Slapshot by Olli Maatta.
15:31 of 2nd period - Shot Misses the Net.
15:33 of 2nd period - Slapshot by Steven Stamkos.
15:33 of 2nd period - Shot Misses the Net.
15:35 of 2nd period - Wrist shot by Olli Maatta.
15:35 of 2nd period - Deflect By Brendan Gallagher.
15:35 of 2nd period - Shot Blocked by Mika Zibanejad.
15:35 of 2nd period - Puck is out of play.
15:36 of 2nd period - Mika Zibanejad wins face-off versus Cedric Paquette in Canadiens zone.
15:36 of 2nd period - Mika Zibanejad is hit by JT Compher.
17:03 of 2nd period - Wrist shot by Gabriel Bourque.
17:03 of 2nd period - Shot Misses the Net.
17:05 of 2nd period - Snap shot by JT Compher.
17:05 of 2nd period - Shot Blocked by Mika Zibanejad.
17:07 of 2nd period - Slapshot by JT Compher.
17:07 of 2nd period - Shot Misses the Net.
17:09 of 2nd period - Slapshot by Anton Lindholm.
17:09 of 2nd period - Shot Blocked by Greg Stewart.
17:11 of 2nd period - Snap shot by JT Compher.
17:11 of 2nd period - Goal by JT Compher - Canadiens : 3 - Golden Knights : 1.
17:12 of 2nd period - Steven Stamkos wins face-off versus Mika Zibanejad in neutral zone.
17:26 of 2nd period - Slapshot by Mika Zibanejad.
17:26 of 2nd period - Shot Misses the Net.
18:04 of 2nd period - Snap shot by Brandon Bollig.
18:04 of 2nd period - Shot Misses the Net.
18:48 of 2nd period - Snap shot by Luke Glendening.
18:48 of 2nd period - Stopped by Robin Lehner with a rebound.
19:16 of 2nd period - Slapshot by Jordan Szwarz.
19:16 of 2nd period - Stopped by Laurent Brossoit with a rebound.
19:38 of 2nd period - Slapshot by Jamie Arniel.
19:38 of 2nd period - Stopped by Laurent Brossoit without a rebound.
19:39 of 2nd period - Mika Zibanejad wins face-off versus Steven Stamkos in Golden Knights zone.
19:40 of 2nd period - Slapshot by Greg Stewart.
19:40 of 2nd period - Shot Misses the Net.
19:50 of 2nd period - David Pastrnak is hit by Roope Hintz and loses puck.
Goals for this period are 2 for Canadiens vs 1 for Golden Knights.
Shots for this period are 10 for Canadiens vs 11 for Golden Knights.
3rd period
0:01 of 3rd period - Mika Zibanejad wins face-off versus Steven Stamkos in neutral zone.
0:26 of 3rd period - Zach Bogosian is hit by Cam Fowler and loses puck.
0:37 of 3rd period - Snap shot by Jordan Szwarz.
0:37 of 3rd period - Stopped by Laurent Brossoit without a rebound.
0:38 of 3rd period - Steven Stamkos wins face-off versus Jamie Arniel in Golden Knights zone.
1:33 of 3rd period - Snap shot by JT Compher.
1:33 of 3rd period - Stopped by Robin Lehner without a rebound.
1:34 of 3rd period - Jean-Gabriel Pageau wins face-off versus Steven Stamkos in Canadiens zone.
1:41 of 3rd period - Slapshot by Artemi Panarin.
1:41 of 3rd period - Shot Misses the Net.
2:08 of 3rd period - Wrist shot by Steven Stamkos.
2:08 of 3rd period - Stopped by Robin Lehner with a rebound.
2:43 of 3rd period - Slapshot by Olli Maatta.
2:43 of 3rd period - Deflect By Andrei Loktionov.
2:43 of 3rd period - Deflect By Brandon Bollig.
2:43 of 3rd period - Shot Misses the Net.
2:43 of 3rd period - Puck is out of play.
2:44 of 3rd period - Andrei Loktionov wins face-off versus Corban Knight in Canadiens zone.
2:51 of 3rd period - Wrist shot by Cal Clutterbuck.
2:51 of 3rd period - Stopped by Robin Lehner with a rebound.
2:53 of 3rd period - Wrist shot by Cal Clutterbuck.
2:53 of 3rd period - Stopped by Robin Lehner with a rebound.
2:55 of 3rd period - Snap shot by Andrei Loktionov.
2:55 of 3rd period - Stopped by Robin Lehner with a rebound.
5:09 of 3rd period - Snap shot by Cal Clutterbuck.
5:09 of 3rd period - Goal by Cal Clutterbuck - Canadiens : 3 - Golden Knights : 2.
5:10 of 3rd period - Mika Zibanejad wins face-off versus Steven Stamkos in neutral zone.
5:15 of 3rd period - Slapshot by David Pastrnak.
5:15 of 3rd period - Stopped by Laurent Brossoit with a rebound.
5:17 of 3rd period - Wrist shot by Greg Stewart.
5:17 of 3rd period - Deflect By Brendan Gallagher.
5:17 of 3rd period - Shot Misses the Net.
5:17 of 3rd period - Puck is out of play.
5:18 of 3rd period - Steven Stamkos wins face-off versus Mika Zibanejad in Golden Knights zone.
5:37 of 3rd period - Wrist shot by Rasmus Ristolainen.
5:37 of 3rd period - Shot Blocked by Olli Maatta.
5:39 of 3rd period - Wrist shot by David Pastrnak.
5:39 of 3rd period - Shot Misses the Net.
5:59 of 3rd period - Slapshot by Greg Stewart.
5:59 of 3rd period - Stopped by Laurent Brossoit without a rebound.
6:00 of 3rd period - Cedric Paquette wins face-off versus Jean-Gabriel Pageau in Golden Knights zone.
6:48 of 3rd period - Greg Stewart is hit by Jamie Oleksiak and loses puck.
7:38 of 3rd period - Brian Dumoulin is hit by Steven Stamkos and loses puck.
9:07 of 3rd period - Minor Penalty to Rasmus Ristolainen for Holding.
9:08 of 3rd period - Brendan Gallagher wins face-off versus Jamie Arniel in Canadiens zone.
9:45 of 3rd period - Wrist shot by Cal Clutterbuck.
9:45 of 3rd period - Stopped by Robin Lehner without a rebound.
9:46 of 3rd period - Corban Knight wins face-off versus Andrei Loktionov in Canadiens zone.
11:07 of 3rd period - Penalty to Rasmus Ristolainen is over, Rasmus Ristolainen is back on ice.
11:27 of 3rd period - Snap shot by David Pastrnak.
11:27 of 3rd period - Stopped by Laurent Brossoit with a rebound.
11:47 of 3rd period - Snap shot by Artemi Panarin.
11:47 of 3rd period - Goal by Artemi Panarin - Canadiens : 4 - Golden Knights : 2.
11:48 of 3rd period - Steven Stamkos wins face-off versus Mika Zibanejad in neutral zone.
11:57 of 3rd period - Wrist shot by Brendan Gallagher.
11:57 of 3rd period - Stopped by Robin Lehner without a rebound.
11:58 of 3rd period - Steven Stamkos wins face-off versus David Pastrnak in Canadiens zone.
13:59 of 3rd period - Snap shot by Steven Stamkos.
13:59 of 3rd period - Shot Misses the Net.
14:27 of 3rd period - Snap shot by Steven Stamkos.
14:27 of 3rd period - Goal by Steven Stamkos - Canadiens : 4 - Golden Knights : 3.
14:28 of 3rd period - Jordan Szwarz wins face-off versus Andrew Cogliano in neutral zone.
14:31 of 3rd period - Slapshot by Brian Dumoulin.
14:31 of 3rd period - Shot Blocked by Olli Maatta.
14:37 of 3rd period - Jamie Oleksiak is hit by Brian Dumoulin and loses puck.
15:06 of 3rd period - Slapshot by Jamie Arniel.
15:06 of 3rd period - Shot Misses the Net.
15:20 of 3rd period - Wrist shot by Brandon Bollig.
15:20 of 3rd period - Goal by Brandon Bollig - Canadiens : 5 - Golden Knights : 3.
15:21 of 3rd period - Jamie Arniel wins face-off versus Cedric Paquette in neutral zone.
16:13 of 3rd period - Wrist shot by Gabriel Bourque.
16:13 of 3rd period - Shot Misses the Net.
16:15 of 3rd period - Slapshot by Anton Lindholm.
16:15 of 3rd period - Stopped by Robin Lehner with a rebound.
16:17 of 3rd period - Wrist shot by Gabriel Bourque.
16:17 of 3rd period - Shot Misses the Net.
16:19 of 3rd period - Snap shot by Anton Lindholm.
16:19 of 3rd period - Deflect By Gabriel Bourque.
16:19 of 3rd period - Shot Blocked by Corban Knight.
16:19 of 3rd period - Puck is out of play.
16:20 of 3rd period - Jamie Arniel wins face-off versus Cedric Paquette in Canadiens zone.
16:20 of 3rd period - Jamie Arniel is hit by Andrew Cogliano.
16:27 of 3rd period - Rasmus Ristolainen is hit by Cedric Paquette and loses puck.
16:51 of 3rd period - Snap shot by Jean-Gabriel Pageau.
16:51 of 3rd period - Shot Misses the Net.
16:53 of 3rd period - Slapshot by Artemi Panarin.
16:53 of 3rd period - Stopped by Laurent Brossoit without a rebound.
16:54 of 3rd period - Andrei Loktionov wins face-off versus Mika Zibanejad in Golden Knights zone.
18:23 of 3rd period - Snap shot by Greg Stewart.
18:23 of 3rd period - Stopped by Laurent Brossoit with a rebound.
Goals for this period are 2 for Canadiens vs 2 for Golden Knights.
Shots for this period are 8 for Canadiens vs 10 for Golden Knights.